 Dungeon Crawl Stone Soup version 0.18.1-48-g4cf74bf (webtiles) character file.

44 Heedrag the Conjurer (level 3, -5/19 HPs)
             Began as a Deep Elf Conjurer on Aug 13, 2016.
             Slain by Crazy Yiuf
             ... wielding a +2 quarterstaff of chaos
              (7 damage)
             ... on level 2 of the Dungeon.
             The game lasted 00:02:51 (1208 turns).

Heedrag the Conjurer (Deep Elf Conjurer)            Turns: 1208, Time: 00:02:51

Health: -5/19      AC:  4    Str:  6    XL:     3   Next: 41%
Magic:  1/10       EV: 13    Int: 19    God:
Gold:   106        SH:  0    Dex: 15    Spells: 1 memorised, 9 levels left

rFire  . . .     SeeInvis .     n - -3 short sword (curse)
rCold  . . .     Gourm    .     a - +0 robe
rNeg   . . .     Faith    .     (no shield)
rPois  .         Spirit   .     (no helmet)
rElec  .         Dismiss  .     l - +0 cloak
rCorr  .         Reflect  .     i - +0 pair of gloves
SustAt .         Harm     .     (no boots)
MR     .....                    (no amulet)
Stlth  ++........               (no ring)
                                (no ring)

@: not resistant to hostile enchantments, unstealthy
A: no striking features
a: no special abilities


You were on level 2 of the Dungeon.
You were not hungry.

You visited 1 branch of the dungeon, and saw 2 of its levels.

You collected 106 gold pieces.

Inventory:

Hand Weapons
 n - a cursed -3 short sword (weapon)
 v - a +2 short sword of draining
Armour
 a - a +0 robe (worn)
 i - a +0 pair of gloves (worn)
 l - a +0 cloak (worn)
Scrolls
 d - 2 scrolls of fear {unknown}
 g - a scroll of noise {unknown}
 j - a scroll of remove curse {unknown}
 k - a scroll of blinking {unknown}
 o - 2 scrolls of identify {unknown}
 p - 3 scrolls of immolation {unknown}
 q - a scroll of fog {unknown}
 t - 2 scrolls of teleportation {unknown}
Potions
 e - 2 potions of might {unknown}
 f - a potion of invisibility {unknown}
 m - a potion of brilliance {unknown}
 r - a potion of haste {unknown}
 s - a potion of magic {unknown}
Books
 b - a book of Conjurations

   Spells                             Type                      Level
   a - Magic Dart                     Conjuration                  1
   b - Searing Ray                    Conjuration                  2
   c - Dazzling Spray                 Conjuration/Hexes            3
   d - Fulminant Prism                Conjuration/Hexes            4
   e - Iskenderun's Mystic Blast      Conjuration                  4
   f - Iskenderun's Battlesphere      Conjuration/Charms           5
Comestibles
 c - a bread ration
 h - 2 chunks of flesh
 u - a meat ration


   Skills:
 - Level 2.4 Dodging
 - Level 2.4 Stealth
 + Level 4.0 Spellcasting
 * Level 5.2 Conjurations


You had 9 spell levels left.
You knew the following spells:

 Your Spells              Type           Power        Failure   Level  Hunger
a - Magic Dart            Conj           ###.         1%          1    None


Dungeon Overview and Level Annotations

Branches:
Dungeon (2/15)

Altars:
Dithmenos

Annotations:
D:2 Crazy Yiuf


Message History

* * * LOW HITPOINT WARNIN'
* * * Unknown command.
Castin': Magic Dart Confirm wit' . or Enter, or press ? or * ta list all spells.
Aimin': Magic Dart
Press: ? - help, Shift-Dir - straight line, f/p - Crazy Yiuf
Aim: Crazy Yiuf, wieldin' a quarterstaff o' chaos an' wearin' an embroid'red cloak (moderately wounded) Tha magic dart hits Crazy Yiuf.
Crazy Yiuf be moderately wounded.
Tha bat hits ye but does nay damage.
Castin': Magic Dart Confirm wit' . or Enter, or press ? or * ta list all spells.
Aimin': Magic Dart
Press: ? - help, Shift-Dir - straight line, f/p - Crazy Yiuf
Aim: Crazy Yiuf, wieldin' a quarterstaff o' chaos an' wearin' an embroid'red cloak (moderately wounded) Tha magic dart hits Crazy Yiuf.
Crazy Yiuf be moderately wounded.
Tha bat misses ye.
Crazy Yiuf hits ye wit' a quarterstaff o' chaos!
Ye die...

g# ♣♣) ♣)♣ ♣♣)♣ ♣)♣♣
♣♣)♣♣ #.### ♣)..♣♣
#.... ♣.g..♣ ######
#.@..# #<....
#.b..##############
(...#..............#
.....##.............#
......
#.............#
..[...
#.............# .....
+.............+ ....
#.............###
#.............†..


You could see Crazy Yiuf and a bat.

Vanquished Creatures
  An adder (D:2)
  An ooze (D:1)
  2 worms (D:2)
  6 bats
  2 giant cockroaches (D:1)
  5 goblins
  A hobgoblin (D:1)
  A giant newt (D:1)
  7 kobolds
  2 rats
28 creatures vanquished.

Notes
Turn   | Place    | Note
--------------------------------------------------------------
     0 | D:1      | Heedrag the Deep Elf Conjurer began the quest for the Orb.
     0 | D:1      | Reached XP level 1. HP: 10/10 MP: 6/6
   248 | D:1      | Reached XP level 2. HP: 15/15 MP: 1/8
   590 | D:1      | Reached skill level 5 in Conjurations
   958 | D:2      | Reached XP level 3. HP: 19/19 MP: 6/10
  1010 | D:2      | Found a shadowy altar of Dithmenos.
  1196 | D:2      | Noticed Crazy Yiuf
  1208 | D:2      | Slain by Crazy Yiuf

Skill      XL: |  1  2  3 |
---------------+----------+-----
Conjurations   | 5 |  5.2
Spellcasting   | 4 |  4.0
Dodging        | |  2.4
Stealth        | |  2.4

Action                   || total
-------------------------++-------
Melee: Short sword       ||     5
 Cast: Magic Dart        ||    70
  Eat: Chunk             ||     1
Armor: Robe              ||     7
Dodge: Dodged            ||    13
